 Dungeon Crawl Stone Soup version 0.32-a0-433-g08bcfe7 (webtiles) character file.

Game seed: 9854316368371816862

163 Dorkslayer the Covered (level 5, -3/45 HPs)
             Began as a Demigod Fighter on Feb 22, 2024.
             Slain by an iguana (10 damage)
             ... on level 4 of the Dungeon.
             The game lasted 00:05:58 (3330 turns).

Dorkslayer the Covered (Demigod Fighter)            Turns: 3330, Time: 00:05:58

Health: -3/45      AC: 11    Str: 21    XL:     5   Next: 0%
Magic:  16/16      EV:  6    Int: 10    God:
Gold:   220        SH:  4    Dex: 13    Spells: 4/4 levels left

rFire   . .          .
                       - Unarmed
rCold   . . .        b - +0 buckler
rNeg    . . .        u - +0 plate armour
rPois   .            (no helmet)
rElec   .            (no cloak)
rCorr   .            (no gloves)
SInv    .            (no boots)
Will    .....        (no amulet) Stlth
                     t - ring of magical power
HPRegen 0.27/turn    (no ring)
MPRegen 0.15/turn

%: no passive effects
@: no status effects
A: high MP 1, forlorn, divine attributes
a: no special abilities


You were on level 4 of the Dungeon.
You visited 1 branch of the dungeon, and saw 4 of its levels.

You collected 220 gold pieces.

Inventory:

Hand Weapons
 k - a +0 mace
Missiles
 m - 3 curare-tipped darts (quivered)
Armour
 b - a +0 buckler (worn)
 u - a +0 plate armour (worn)
Jewellery
 t - a ring of magical power (left hand)
Wands
 a - a wand of flame (3)
Scrolls
 c - a scroll of enchant weapon {unknown}
 f - a scroll of enchant armour {unknown}
 h - a scroll of revelation {unknown}
 i - 4 scrolls of fog {unknown}
 j - a scroll of noise {unknown}
 n - a scroll of teleportation {unknown}
 o - 3 scrolls of identify {unknown}
 p - 2 scrolls of blinking {unknown}
 q - a scroll of poison {unknown}
 r - a scroll of vulnerability {unknown}
Potions
 d - a potion of resistance {unknown}
 e - 2 potions of heal wounds {unknown}
 g - a potion of brilliance {unknown}
 l - a potion of haste {unknown}
 s - a potion of attraction {unknown}


   Skills:
 + Level 3.0 Fighting
 + Level 3.6 Armour
 * Level 1.6 Dodging
 + Level 3.0 Shields
 + Level 3.1 Unarmed Combat
 * Level 0.4 Evocations


You had 4 spell levels left.
You didn't know any spells.
Your spell library was empty.

Dungeon Overview and Level Annotations

Branches:
Dungeon (4/15)
 Temple: D:4-7


Innate Abilities, Weirdness & Mutations

You have an increased reservoir of magic. (+10% MP)
You shall have no god before yourself.
Your divine heritage dramatically boosts your attributes as you level up.


Message History

The iguana is moderately wounded.
The iguana bites you!
You closely miss the iguana.
The iguana is moderately wounded.
The iguana bites you but does no damage.
You barely miss the iguana.
The iguana is moderately wounded.
The iguana bites you.
You hit the iguana.
The iguana is moderately wounded.
The iguana bites you but does no damage.
You completely miss the iguana.
The iguana is moderately wounded.
The iguana bites you but does no damage.
The iguana barely misses you.
You hit the iguana.
The iguana is heavily wounded.
The iguana bites you.
You barely miss the iguana.
The iguana is heavily wounded.
The iguana bites you but does no damage.
You barely miss the iguana.
The iguana is heavily wounded.
The iguana bites you!
You barely miss the iguana.
The iguana is heavily wounded.
You hit the iguana.
The iguana is severely wounded.
The iguana barely misses you.
You hit the iguana.
The iguana is almost dead.
The iguana bites you.
You closely miss the iguana.
The iguana is almost dead.
The iguana bites you!
* * * LOW HITPOINT WARNING * * *
You barely miss the iguana.
The iguana is almost dead.
The iguana bites you!
You die...

...######.........>.......
(.. #.......>.........
#.................
#.................
#................. ###..
..........<...
##.##.##############....
........#....#.....'....
......l@'....'.....#....
........#...)#.....#....
........#....#.....#....
#################..#....
######'# #... #... #...
#...


You could see an iguana.

Vanquished Creatures
  A jelly (D:4)
  A hound (D:4)
  An adder (D:2)
  A white imp (D:3)
  2 ribbon worms (D:2)
  3 orcs
  9 bats
  7 endoplasms
  6 giant cockroaches
  7 goblins
  7 hobgoblins
  6 jackals
  2 quokkas
  7 ball pythons
  3 frilled lizards
  7 kobolds
  A rat (D:3)
71 creatures vanquished.

Notes
Turn   | Place    | Note
-------+----------+-------------------------------------------
     0 | D:1      | Dorkslayer the Demigod Fighter began the quest for the Orb.
     0 | D:1      | Reached XP level 1. HP: 18/18 MP: 3/3
   381 | D:1      | Reached XP level 2. HP: 24/25 MP: 4/4
  1026 | D:2      | Reached skill level 1 in Dodging
  1026 | D:2      | Reached XP level 3. HP: 7/30 MP: 5/5
  2010 | D:3      | Reached XP level 4. HP: 38/38 MP: 6/6
  3307 | D:4      | Reached XP level 5. HP: 45/45 MP: 7/7
  3330 | D:4      | Slain by an iguana

Illustrated notes

Levels and vault maps discovered:
D:1:      elethiomel_arrival_shortcut, layout_loops_ring,
          chequers_ecumenical_altar_simple_redux,
          minmay_misc_feat_secret_circle, nicolae_figureground_pulse
D:2:      layout_basic
D:3:      layout_loops_ring, roderic_lattice_a
D:4:      layout_gridville

Skill      XL: |  1  2  3  4 |
---------------+-------------+-----
Armour         | 3 |  3.6
Unarmed Combat | 2 3 |  3.1
Dodging        | 1 |  1.6
Shields        | 3 |  3.0
Fighting       | 3 |  3.0
Evocations     | |  0.4

Action                     |  1- 3 |  4- 6 || total
---------------------------+-------+-------++-------
  Melee: Unarmed           |   247 |   102 ||   349
    Use: Potion            |     1 |       ||     1
 Armour: Scale mail        |   176 |    14 ||   190
         Plate armour      |       |    51 ||    51
  Dodge: Dodged            |   128 |    27 ||   155
  Block: Buckler           |    46 |    14 ||    60

Table legend: (Time is in decaauts)
 A = Elapsed time spent in this place.
 B = Non-inter-level travel time spent in this place.
 C = Inter-level travel time spent in this place.
 D = Time resting spent in this place.
 E = Time spent auto-exploring this place.
 F = Levels seen in this place.
 G = Mean time per level.
                   A        B        C        D        E       F      G
               +--------+--------+--------+--------+--------+-----+--------+
         Total |   3323 |   3323 |      0 |      0 |   2156 |   4 |  830.8 |
       Dungeon |   3323 |   3323 |      0 |      0 |   2156 |   4 |  830.8 |
               +--------+--------+--------+--------+--------+-----+--------+

Top non-repeatable levels by time:
     D:3: 934 daAuts
     D:1: 858 daAuts
     D:4: 806 daAuts
     D:2: 724 daAuts
